 Dungeon Crawl Stone Soup version 0.30-a0-726-gd89dcf765f (webtiles) character file.

Game seed: 3518576888575697739

13 drugrobin the Sneak (level 2, 0/25 HPs)
             Began as a Demigod Delver on Jan 29, 2023.
             Slain by a hound (5 damage)
             ... on level 4 of the Dungeon.
             The game lasted 00:01:25 (304 turns).

drugrobin the Sneak (Demigod Delver)                 Turns: 304, Time: 00:01:26

Health: 0/25       AC:  3    Str: 13    XL:     2   Next: 12%
Magic:  4/4        EV: 11    Int: 12    God:
Gold:   40         SH:  0    Dex: 15    Spells: 1/1 levels left

rFire   . . .      SeeInvis .      - Unarmed
rCold   . . .      Faith    .    (no shield)
rNeg    . . .      Spirit   .    a - +0 leather armour
rPois   .          Reflect  .    (no helmet)
rElec   .          Harm     .    (no cloak)
rCorr   .          Rampage  .    (no gloves)
Will    .....                    (no boots)
Stlth   +++                      (no amulet)
HPRegen 0.24/turn                (no ring)
MPRegen 0.09/turn                (no ring)

@: no status effects
A: high MP 1, forlorn, divine attributes
a: no special abilities


You were on level 4 of the Dungeon.
You visited 1 branch of the dungeon, and saw 5 of its levels.

You collected 40 gold pieces.

Inventory:

Missiles
 c - 2 javelins (quivered)
 g - 10 poisoned darts
Armour
 a - a +0 leather armour (worn)
Wands
 f - a wand of digging (3)
Scrolls
 b - a scroll of fog
 d - a scroll of fear
 i - a scroll of vulnerability {unknown}
Potions
 e - a potion of haste
 h - a potion of curing {unknown}


   Skills:
 - Level 2.7 Fighting
 - Level 1.7 Dodging
 - Level 4.5 Stealth
 + Level 2.6 Unarmed Combat


You had one spell level left.
You didn't know any spells.
Your spell library was empty.

Dungeon Overview and Level Annotations

Branches:
Dungeon (5/15)
 Temple: D:4-7


Innate Abilities, Weirdness & Mutations

You have an increased reservoir of magic. (+10% MP)
You shall have no god before yourself.
Your divine heritage dramatically boosts your attributes as you level up.


Message History

Throw: 4 javelins
Press: ? - help, Q - select action, (/) - cycle Shift-Dir - straight line, f - hound
Aim: a hound (wandering, hasn't noticed you, 48% to hit)
You throw a javelin. The javelin misses the hound.
The hound barks!
Unknown command.
Throw: 3 javelins
Press: ? - help, Q - select action, (/) - cycle Shift-Dir - straight line, f/p - hound
Aim: a hound (48% to hit)
You throw a javelin. The javelin pierces through the hound.
The hound is moderately wounded.
Unknown command.
You barely miss the hound.
The hound is moderately wounded.
The hound bites you. x2
You miss the hound.
The hound is moderately wounded.
The hound closely misses you.
You barely miss the hound.
The hound is moderately wounded.
The hound bites you.
You hit the hound.
The hound is severely wounded.
The hound bites you but does no damage. The hound misses you.
You miss the hound.
The hound is severely wounded.
The hound bites you.
You closely miss the hound.
The hound is severely wounded.
The hound bites you. x2
You closely miss the hound. Your punch misses the hound.
The hound is severely wounded.
The hound bites you.
* * * LOW HITPOINT WARNING * * *
You closely miss the hound.
The hound is severely wounded.
The hound bites you.
* * * LOW HITPOINT WARNING * * *
The hound bites you.
You die...

# ##### # .. #..>#.###
#. ##..@....#
####.########.###h......
#........##...# ..#(#..
#........##.#.# ......
#...........##.. #.#(( .
.........#### ### .####
#........#########.#
#........#.......#..
.........#....(..#


You could see a hound.

Vanquished Creatures
  2 ball pythons
  A bat (D:1)
  3 endoplasms
  A giant cockroach (D:1)
  A hobgoblin (D:3)
  A frilled lizard (D:1)
  A goblin (D:3)
  A kobold (D:2)
  A rat (D:3)
12 creatures vanquished.

Notes
Turn   | Place    | Note
-------+----------+-------------------------------------------
     0 | D:5      | drugrobin the Demigod Delver began the quest for the Orb.
     0 | D:5      | Reached XP level 1. HP: 18/18 MP: 3/3
   221 | D:3      | Reached XP level 2. HP: 17/25 MP: 4/4
   304 | D:4      | Slain by a hound

Illustrated notes

Levels and vault maps discovered:
D:1:      nzn_arrival_depleted_hourglass, layout_basic, minmay_misc_feat_tiny
D:2:      layout_basic, basic_altar
D:3:      layout_rooms, chequers_serial_rivers_micro_d, kennysheep_path_1,
          pf_guarded_unrand_meek
D:4:      layout_loops_cross, serial_shops, nicolae_shop_advertising_works
          [nicolae_subvault_shop_adworks], mrwooster_statue_mirror,
          uniq_eustachio
D:5:      layout_cave_pools, portal_sewer_entry_e

Skill      XL: |  1 |
---------------+----+-----
Unarmed Combat | 2 |  2.6
Fighting       | |  2.7
Dodging        | |  1.7
Stealth        | |  4.5

Action                     || total
---------------------------++-------
  Melee: Unarmed           ||    36
  Throw: Javelin           ||     2
    Use: Scroll            ||     1
   Stab: Sleeping          ||     6
 Armour: Leather armour    ||     4
  Dodge: Dodged            ||     9

Table legend: (Time is in decaauts)
 A = Elapsed time spent in this place.
 B = Non-inter-level travel time spent in this place.
 C = Inter-level travel time spent in this place.
 D = Time resting spent in this place.
 E = Time spent auto-exploring this place.
 F = Levels seen in this place.
 G = Mean time per level.
                   A        B        C        D        E       F      G
               +--------+--------+--------+--------+--------+-----+--------+
         Total |    303 |    250 |     53 |      0 |      0 |   5 |   60.6 |
       Dungeon |    303 |    250 |     53 |      0 |      0 |   5 |   60.6 |
               +--------+--------+--------+--------+--------+-----+--------+

Top non-repeatable levels by time:
     D:3: 120 daAuts
     D:2: 63 daAuts
     D:1: 56 daAuts
     D:4: 49 daAuts
     D:5: 14 daAuts
